 Dungeon Crawl Stone Soup version 0.30-a0-585-g93115170b9 (webtiles) character file.

Game seed: 7860262964195485256

16443 sanka the Nimble (level 11, -37/102 HPs)
             Began as a Demigod Earth Elementalist on Jan 2, 2023.
             Annihilated by a three-headed hydra simulacrum (38 damage)
             ... in an ice cave on Jan 3, 2023.
             The game lasted 00:19:40 (11304 turns).

sanka the Nimble (Demigod Earth Elementalist)      Turns: 11304, Time: 00:19:41

Health: -37/102    AC: 16    Str:  9    XL:     11   Next: 80%
Magic:  2/17       EV: 17    Int: 33    God:
Gold:   905        SH:  5    Dex: 14    Spells: 8/14 levels left

rFire   . . .      SeeInvis .    J - +2 whip (elec)
rCold   . . .      Faith    .    (no shield)
rNeg    . . .      Spirit   .    K - +0 troll leather armour
rPois   +          Reflect  +    l - +0 helmet
rElec   .          Harm     .    (no cloak)
rCorr   .          Rampage  .    o - +1 pair of gloves "Zailett" {rPois Int+4}
Will    +....                    E - +0 pair of boots
Stlth   ++                       A - amulet of reflection
HPRegen 1.17/turn                r - +4 ring of protection
MPRegen 0.15/turn                B - +4 ring of protection

@: no status effects
A: high MP 1, forlorn, divine attributes
a: no special abilities


You were in an ice cave.
You visited 1 branch of the dungeon, and saw 11 of its levels.
You also visited: Sewer, Ossuary and Ice Cave.

You collected 905 gold pieces.


Innate Abilities, Weirdness & Mutations

You have an increased reservoir of magic. (+10% MP)
You shall have no god before yourself.
Your divine heritage dramatically boosts your attributes as you level up.


   Skills:
 + Level 11.2 Fighting
 + Level 12.6 Dodging
 - Level 1.7 Stealth
 - Level 2.0 Spellcasting
 - Level 0.8 Transmutations
 - Level 8.0 Earth Magic


You had 8 spell levels left.
You knew the following spells:

 Your Spells              Type           Power      Damage    Failure   Level
x - Stone Arrow           Conj/Erth      58%        3d10      5%          3
z - Sandblast             Erth           100%       2d20      1%          1
N - Passwall              Tmut/Erth      26%        N/A       2%          2

Your spell library contained the following spells:

 Spells                   Type           Power      Damage    Failure   Level
 Kiss of Death            Conj/Necr      12%        2d6       9%          1
 Cigotuvi's Dreadful Rot  Necr/Pois/Air  6%         N/A       14%         2
 Poisonous Vapours        Pois/Air       6%         N/A       14%         2
 Petrify                  Tmut/Erth      32%        N/A       14%         4
 Gell's Gravitas          Tloc           3%         N/A       26%         3
 Mephitic Cloud           Conj/Pois/Air  3%         N/A       26%         3
 Portal Projectile        Hex/Tloc       6%         N/A       26%         3
 Teleport Other           Tloc           3%         N/A       26%         3
 Tukima's Dance           Hex            3%         N/A       26%         3
 Borgnjor's Vile Clutch   Necr/Erth      14%        N/A       43%         5
 Summon Ice Beast         Ice/Summ       3%         N/A       65%         4
 Blade Hands              Tmut           4%         N/A       87%         5
 Alistair's Intoxication  Tmut/Pois      4%         N/A       91%         5
 Dispersal                Tloc           1%         N/A       100%        6
 Eringya's Noxious Bog    Tmut/Pois      3%         N/A       100%        6
 Chain Lightning          Conj/Air       1%         3d2       100%        9

Inventory:

Hand Weapons
 h - a +3 longbow of freezing
 y - the +9 dagger of Xapsygymuil {distort, rN+++ Dex-2}

   It warps and distorts space around it, and may blink, banish, or inflict
   extra damage upon those it strikes.
   Unwielding it can cause banishment or teleport you to foes.
   Dex:       It affects your dexterity (-2).
   rN:        It renders you almost immune to negative energy.
 I - a +4 scimitar
 J - a +2 whip of electrocution (weapon)
Missiles
 L - 2 curare-tipped darts {=f}
Armour
 l - a +0 helmet (worn)
 o - the +1 pair of gloves "Zailett" (worn) {rPois Int+4}

   Int:       It affects your intelligence (+4).
   rPois:     It protects you from poison.
 E - a +0 pair of boots (worn)
 K - a +0 troll leather armour (worn)
Magical Staves
 a - a staff of earth
 j - a staff of conjuration {!a}
Jewellery
 e - a ring of protection from fire
 r - a +4 ring of protection (left hand)
 A - an amulet of reflection (around neck)
 B - a +4 ring of protection (right hand)
Wands
 u - a wand of flame (57)
 v - a wand of iceblast (10)
 C - a wand of acid (3)
 M - a wand of digging (9)
Scrolls
 c - 7 scrolls of teleportation {@r4}
 d - 2 scrolls of silence {!r}
 f - 3 scrolls of fog
 g - a scroll of vulnerability {!r}
 i - a scroll of enchant weapon
 m - 6 scrolls of enchant armour
 n - 3 scrolls of blinking
 s - 2 scrolls of fear
 x - a scroll of noise {unknown}
 G - 2 scrolls of summoning
Potions
 b - a potion of magic
 k - 5 potions of curing {@q1}
 p - 2 potions of cancellation {unknown}
 q - 2 potions of heal wounds {unknown}
 t - 2 potions of berserk rage {!q}
 w - 2 potions of resistance
 z - 3 potions of flight
 D - 3 potions of brilliance
 F - a potion of haste {unknown}
 H - 3 potions of lignification {!q}

Dungeon Overview and Level Annotations

Branches:
Dungeon (11/15)            Temple (0/1) D:5           Sewer (visited)
Ossuary (visited)           IceCv (1/1)
   Lair: D:8-11         Orc: D:9-12

Shops:
D:5

[ ▒▒▒▒▒▒▒
▒.....▒▒
▒......▒▒ Z
▒.☼.....▒...Z
▒p∩..∩......Z
▒.Z.....▒..ZZ
▒......▒▒ .
▒.....▒▒
▒▒▒▒▒▒▒


You could see a three-headed hydra simulacrum.


Message History

The polar bear simulacrum claws you but does no damage.
The blast of sand hits the polar bear simulacrum!
The polar bear simulacrum is moderately damaged.
The three-headed hydra simulacrum bites you!
The three-headed hydra simulacrum freezes you!
* * * LOW HITPOINT WARNING * * *
The three-headed hydra simulacrum misses you.
The three-headed hydra simulacrum bites you but does no damage.
You block the polar bear simulacrum's attack.
The polar bear simulacrum claws you but does no damage.
The polar bear simulacrum misses you.
The blast of sand hits the polar bear simulacrum!!
The polar bear simulacrum vaporises!
The three-headed hydra simulacrum barely misses you.
The three-headed hydra simulacrum bites you but does no damage.
The three-headed hydra simulacrum closely misses you.
The blast of sand hits the three-headed hydra simulacrum!!
The three-headed hydra simulacrum is almost destroyed.
The three-headed hydra simulacrum misses you.
The three-headed hydra simulacrum misses you.
The three-headed hydra simulacrum bites you.
* * * LOW HITPOINT WARNING * * *
The three-headed hydra simulacrum freezes you!!
* * * LOW HITPOINT WARNING * * *
The three-headed hydra simulacrum barely misses you.
The three-headed hydra simulacrum misses you.
The three-headed hydra simulacrum bites you!
* * * LOW HITPOINT WARNING * * *
The three-headed hydra simulacrum freezes you!!!
You die...

Action                   |  1- 3 |  4- 6 |  7- 9 | 10-12 || total
-------------------------+-------+-------+-------+-------++-------
Melee: Unarmed           |     1 |       |       |       ||     1
       Dagger            |       |    77 |     1 |       ||    78
       Falchion          |       |       |     2 |       ||     2
       Whip              |       |       |     1 |    13 ||    14
       Staff             |       |       |       |     7 ||     7
 Cast: Sandblast         |    37 |    53 |   208 |   203 ||   501
       Passwall          |     4 |       |       |       ||     4
       Stone Arrow       |       |       |     4 |    13 ||    17
Evoke: Wand              |       |       |       |     3 ||     3
  Use: Scroll            |       |       |       |    15 ||    15
       Potion            |       |       |       |     1 ||     1
 Stab: Sleeping          |       |     2 |     1 |       ||     3
Armor: Robe              |     1 |    22 |    22 |       ||    45
       Leather armour    |       |       |     8 |     6 ||    14
       Troll leather arm |       |       |       |    76 ||    76
Dodge: Dodged            |     4 |    59 |    81 |   152 ||   296
Block: Other             |       |       |    21 |    54 ||    75
       Reflection        |       |       |       |     4 ||     4

Levels and vault maps discovered:
D:1:      nzn_arrival_crosshair, layout_loops_ring,
          ebering_ecumenical_altar_webs, minmay_surrounded
D:2:      layout_basic, kennysheep_generic_room_9, uniq_natasha
D:3:      layout_basic, general_overflow_altar, portal_sewer_entry_a,
          uniq_grinder
D:4:      layout_loops_ring, hangedman_abyss_or_decor_passed
D:5:      layout_basic, gammafunk_temple_overflow_wave,
          minmay_temple_entry_from_below_a, serial_shops, nicolae_stop_n_shop_1,
          kennysheep_potato
D:6:      layout_loops_cross, overflow_temple_1_default,
          minmay_overflow_temple_hex
D:7:      statuecave_lemuel, layout_loops_ring, fedhas_bush_and_centaur_altar,
          nicolae_ossuary_entry_plus, grunt_livestock, minmay_misc_feat_doors
D:8:      layout_basic, nicolae_tso_besieged_by_evil
D:9:      minmay_the_grid_plus_closed [minmay_the_grid_pillar_ring,
          minmay_the_grid_gridbox, minmay_the_grid_diamond_grid,
          minmay_the_grid_large_cup, minmay_the_grid_prize_four_corners],
          layout_basic
D:10:     layout_rooms, mainiacjoe_overflow_cross_hatched,
          mainiacjoe_overflow_catwalk, lemuel_tele_altar
D:11:     minmay_s_stair_smasher, layout_gridville, erik_lair_dragon,
          portal_ice_cave_entry_ice_simulacra, serial_shops, shop
IceCv:    ice_cave_statue_garden_chambered

Notes
Turn   | Place    | Note
-------+----------+-------------------------------------------
     0 | D:1      | sanka the Demigod Earth Elementalist began the quest for
                  | the Orb.
     0 | D:1      | Reached XP level 1. HP: 14/14 MP: 5/5
    41 | D:1      | HP: 1/14 [quokka (3)]
    44 | D:1      | Reached skill level 2 in Spellcasting
   110 | D:1      | Reached skill level 3 in Earth Magic
   327 | D:1      | Reached XP level 2. HP: 20/20 MP: 5/7
   331 | D:1      | Learned a level 2 spell: Passwall
  1357 | D:2      | Noticed Natasha
  1361 | D:2      | Killed Natasha
  1362 | D:2      | Reached skill level 4 in Earth Magic
  1362 | D:2      | Reached XP level 3. HP: 26/26 MP: 5/8
  1575 | D:2      | Noticed Natasha
  1577 | D:2      | Killed Natasha
  1578 | D:2      | Reached XP level 4. HP: 33/33 MP: 4/9
  1626 | D:2      | Learned a level 3 spell: Stone Arrow
  1932 | D:2      | Noticed Natasha
  1937 | D:2      | Killed Natasha
  1996 | D:2      | Reached skill level 5 in Earth Magic
  2375 | D:3      | Identified the +1 pair of gloves "Zailett" {rPois Int+4}
  2404 | D:3      | Found a glowing drain.
  2454 | Sewer    | Entered a sewer
  2503 | Sewer    | Reached XP level 5. HP: 37/38 MP: 10/10
  2837 | D:3      | Noticed Grinder
  2842 | D:3      | Killed Grinder
  2843 | D:3      | Reached skill level 6 in Earth Magic
  2843 | D:3      | Reached XP level 6. HP: 29/45 MP: 6/11
  2934 | D:3      | Reached skill level 7 in Earth Magic
  3680 | D:4      | Got Sif Muna's Volume of Subzero Percussion
  3926 | D:4      | Reached XP level 7. HP: 44/50 MP: 9/13
  4120 | D:4      | Reached skill level 8 in Earth Magic
  4220 | D:5      | Entered Level 5 of the Dungeon
  4253 | D:5      | Identified the +9 dagger of Xapsygymuil {distort, rN+++
                  | Dex-2}
  4266 | D:5      | Reached skill level 2 in Dodging
  4295 | D:5      | Found Dyty's Antique Armour Emporium.
  4348 | D:5      | Reached skill level 1 in Fighting
  4753 | D:5      | Reached skill level 2 in Fighting
  4753 | D:5      | Reached skill level 3 in Dodging
  4786 | D:5      | Found a staircase to the Ecumenical Temple.
  5272 | D:6      | Reached skill level 3 in Fighting
  5272 | D:6      | Reached XP level 8. HP: 63/63 MP: 10/14
  5321 | D:6      | Reached skill level 4 in Dodging
  5364 | D:6      | Reached skill level 4 in Fighting
  5370 | D:6      | Reached skill level 5 in Dodging
  5522 | D:6      | Reached skill level 5 in Fighting
  5939 | D:6      | Reached skill level 6 in Dodging
  6098 | D:7      | Found a sand-covered staircase.
  6103 | Ossuary  | Entered an ossuary
  6174 | Ossuary  | Reached XP level 9. HP: 75/75 MP: 9/15
  6467 | Ossuary  | Reached skill level 6 in Fighting
  6719 | D:7      | Reached skill level 7 in Dodging
  6723 | D:7      | Reached skill level 7 in Fighting
  7376 | D:7      | Reached skill level 8 in Dodging
  7739 | D:8      | Killed an unseen horror
  7937 | D:8      | Reached skill level 8 in Fighting
  8038 | D:8      | Noticed a two-headed ogre
  8046 | D:8      | Killed a two-headed ogre
  8047 | D:8      | Reached skill level 9 in Dodging
  8047 | D:8      | Reached XP level 10. HP: 77/88 MP: 2/16
  8153 | D:8      | Noticed a two-headed ogre
  8159 | D:8      | Killed a two-headed ogre
  8442 | D:9      | Reached skill level 10 in Dodging
  8631 | D:9      | Noticed a two-headed ogre
  8635 | D:9      | Killed a two-headed ogre
  8651 | D:9      | Noticed a two-headed ogre
  8656 | D:9      | Killed a two-headed ogre
  8811 | D:9      | Reached skill level 9 in Fighting
  8900 | D:9      | Noticed a cyclops
  8907 | D:9      | Killed a cyclops
  9009 | D:9      | Reached skill level 11 in Dodging
  9017 | D:9      | Noticed a white ugly thing
  9022 | D:9      | Killed a white ugly thing
  9023 | D:9      | Reached XP level 11. HP: 74/97 MP: 9/17
  9125 | D:9      | Noticed a deep elf pyromancer
  9128 | D:9      | Noticed an eight-headed hydra
  9200 | D:9      | Killed an eight-headed hydra
  9306 | D:9      | Killed a deep elf pyromancer
  9422 | D:9      | Identified 2 potions of resistance
  9423 | D:9      | Noticed a six-headed hydra
  9488 | D:9      | Killed a six-headed hydra
  9489 | D:9      | Reached skill level 10 in Fighting
  9583 | D:9      | Noticed a tengu warrior
  9583 | D:9      | Noticed a centaur warrior
  9595 | D:9      | Killed a tengu warrior
  9596 | D:9      | HP: 7/100 [centaur warrior/arrow (5)]
  9599 | D:9      | Killed a centaur warrior
  9832 | D:9      | Noticed a two-headed ogre
  9837 | D:9      | Killed a two-headed ogre
  9838 | D:9      | Reached skill level 12 in Dodging
 10185 | D:10     | Entered Level 10 of the Dungeon
 10851 | D:11     | Noticed a two-headed ogre
 11144 | D:11     | Reached skill level 11 in Fighting
 11245 | D:11     | Found a frozen archway.
 11255 | D:11     | Killed a two-headed ogre
 11286 | IceCv    | Entered an ice cave
 11304 | IceCv    | HP: 9/102 [three-headed hydra simulacrum (26)]
 11304 | IceCv    | HP: 1/102 [three-headed hydra simulacrum (8)]
 11304 | IceCv    | Annihilated by a three-headed hydra simulacrum

Vanquished Creatures
  2 hydras (D:9)
  6 two-headed ogres
  A centaur warrior (D:9)
  A tengu warrior (D:9)
  2 ugly things
  A deep elf pyromancer (D:9)
  2 cyclopes (D:9)
  2 unseen horrors
  2 komodo dragons (D:11)
  2 trolls
  Grinder (D:3)
  A shadow (D:9)
  2 vampires (D:11)
  3 wyverns
  3 hogs (D:7)
  5 yaks
  A human (D:7)
  A vampire mosquito (D:9)
  A steam dragon (D:7)
  A death yak simulacrum (IceCv)
  2 acid dragons (D:9)
  2 water moccasins
  2 orc warriors
  2 ice beasts
  A sky beast (D:6)
  2 black bears
  4 centaurs
  3 ogres
  2 phantoms
  5 bullfrogs
  5 kobold brigands
  2 necrophages (D:6)
  3 scorpions
  6 wights
  5 killer bees (D:9)
  2 howler monkeys
  An electric eel (D:7)
  A quasit (D:8)
  2 centaur zombies (Ossuary)
  3 orc priests
  3 human zombies (Ossuary)
  4 hounds
  6 iguanas
  Natasha (thrice) (D:2)
  6 orc wizards
  A polar bear simulacrum (IceCv)
  A spriggan simulacrum (D:11)
  2 hound zombies (Ossuary)
  3 mummies (Ossuary)
  9 adders
  A gnoll (D:5)
  2 naga simulacra (D:11)
  2 shadow imps (D:6)
  2 ufetubi
  2 adder zombies (Ossuary)
  A worm (D:2)
  2 dart slugs
  37 orcs
  6 endoplasms
  8 giant cockroaches
  6 goblins
  2 hobgoblins
  6 jackals
  3 quokkas
  10 ball pythons
  6 frilled lizards
  A gnoll zombie (Ossuary)
  A goblin skeleton (D:8)
  5 goblin zombies
  6 hobgoblin zombies
  2 jackal zombies (Ossuary)
  24 kobolds
  2 kobold skeletons (D:8)
  5 kobold zombies
  3 orc skeletons (D:8)
  4 orc zombies
  6 quokka zombies (Ossuary)
  5 rats (D:3)
  3 rat zombies (Ossuary)
296 creatures vanquished.

Vanquished Creatures (others)
  A kobold (D:11)
1 creature vanquished.

Grand Total: 297 creatures vanquished
